NCAA
MICHIGAN STATE SPARTANS @ MINNESOTA GOLDEN GOPHERS
04/09/2030
 
TOP OF THE 1ST
Michigan State Spartans batting - Pitching for Minnesota Golden Gophers : RHP Michael Campos
Pitching: RHP Michael Campos
Batting: RHB Ben Griffin 0-0: Called Strike
0-1: Called Strike
0-2: Strikes out swinging
Batting: LHB Carlos Anaya 0-0: Swinging Strike
0-1: SINGLE (Line Drive, 7S)
Batting: RHB Walt Owens 0-0: Called Strike
0-1: Foul Ball, location: 2F
0-2: Fly out, F9 (Flyball, 9S)
Batting: LHB Larry Estes 0-0: Swinging Strike
0-1: Ball
1-1: 2-RUN HOME RUN (Flyball, 9LD), Distance : 331 ft
Batting: RHB Jesús Lima 0-0: Ground out 6-3 (Groundball, 56D)
Top of the 1st over - 2 runs, 2 hits, 0 errors, 0 left on base; Michigan State 2 - Minnesota 0
BOTTOM OF THE 1ST
Minnesota Golden Gophers batting - Pitching for Michigan State Spartans : LHP Mark Hayden
Pitching: LHP Mark Hayden
Batting: RHB Samuel Warner 0-0: Foul Ball, location: 2F
0-1: Ball
1-1: Foul Ball, location: 2F
1-2: Ball
2-2: Foul Ball, location: 2F
2-2: Foul Ball, location: 2F
2-2: Ground out 3-1 (Groundball, 34S)
Batting: RHB Jason Black 0-0: Called Strike
0-1: Foul Ball, location: 2F
0-2: Ball
1-2: Ball
2-2: Foul Ball, location: 2F
2-2: Ball
3-2: Foul Ball, location: 2F
3-2: Foul Ball, location: 2F
3-2: Base on Balls
Batting: RHB Joseph Brown 0-0: Ball
1-0: Swinging Strike
1-1: Foul Ball, location: 2F
1-2: Ball
2-2: Ball
3-2: Strikes out swinging
Batting: LHB Bob Jensen 0-0: Called Strike
0-1: Ball
1-1: Foul Ball, location: 2F
1-2: Hit by Pitch
Jason Black to second
Batting: RHB Steve Mitchell 0-0: Called Strike
0-1: Ball
1-1: Called Strike
1-2: Fielders Choice at 2nd, 6-4 (Groundball, 6)
Bottom of the 1st over - 0 runs, 0 hits, 0 errors, 2 left on base; Michigan State 2 - Minnesota 0
TOP OF THE 2ND
Michigan State Spartans batting - Pitching for Minnesota Golden Gophers : RHP Michael Campos
Batting: LHB Culley Knapp 0-0: Called Strike
0-1: Called Strike
0-2: Strikes out looking
Batting: SHB John Cunningham 0-0: Ball
1-0: Called Strike
1-1: Foul Ball, location: 2F
1-2: Ball
2-2: Foul Ball, location: 2F
2-2: Strikes out swinging
Batting: LHB Adrian Bonner 0-0: Called Strike
0-1: Ball
1-1: Called Strike
1-2: Fly out, F8 (Flyball, 8RM)
Top of the 2nd over - 0 runs, 0 hits, 0 errors, 0 left on base; Michigan State 2 - Minnesota 0
BOTTOM OF THE 2ND
Minnesota Golden Gophers batting - Pitching for Michigan State Spartans : LHP Mark Hayden
Batting: RHB Felipe Berrios 0-0: Ball
1-0: Ball
2-0: Called Strike
2-1: Swinging Strike
2-2: Fly out, F4 (Line Drive, 4M)
Batting: RHB Nolan Peterson 0-0: SINGLE (Line Drive, 4MD)
Batting: RHB Lou Bender 0-0: Called Strike
Nolan Peterson is caught stealing 2nd base
0-1: Ball
1-1: Ball
2-1: Swinging Strike
2-2: Strikes out swinging
Bottom of the 2nd over - 0 runs, 1 hit, 0 errors, 0 left on base; Michigan State 2 - Minnesota 0
TOP OF THE 3RD
Michigan State Spartans batting - Pitching for Minnesota Golden Gophers : RHP Michael Campos
Batting: RHB Robbie Lawrence 0-0: Ball
1-0: Called Strike
1-1: Called Strike
1-2: Ball
2-2: Ball
3-2: DOUBLE (Line Drive, 9)
Batting: RHB Ben Griffin 0-0: Ball
1-0: Foul Ball, location: 2F
1-1: Foul Ball, location: 2F
1-2: Foul Ball, location: 2F
1-2: Ball
2-2: Foul Ball, location: 2F
2-2: Strikes out swinging
Batting: LHB Carlos Anaya 0-0: SINGLE (Groundball, 34S) (infield hit)
Robbie Lawrence to third
Batting: RHB Walt Owens 0-0: Ball
1-0: Ball
2-0: Called Strike
2-1: Ball
3-1: Base on Balls
Carlos Anaya to second
Batting: LHB Larry Estes 0-0: Called Strike
0-1: Ball
1-1: Ball
2-1: Foul Ball, location: 2F
2-2: Strikes out swinging
Batting: RHB Jesús Lima 0-0: Foul Ball, location: 2F
0-1: Ball
1-1: Ball
2-1: Ball
3-1: Foul Ball, location: 2F
3-2: Foul Ball, location: 2F
3-2: Foul Ball, location: 2F
3-2: Foul Ball, location: 2F
3-2: Foul Ball, location: 2F
3-2: Fly out, F3 (Popup, 3SF)
Top of the 3rd over - 0 runs, 2 hits, 0 errors, 3 left on base; Michigan State 2 - Minnesota 0
BOTTOM OF THE 3RD
Minnesota Golden Gophers batting - Pitching for Michigan State Spartans : LHP Mark Hayden
Batting: RHB Steve Richardson 0-0: Ball
1-0: Fly out, F6 (Popup, 6MD)
Batting: RHB Samuel Warner 0-0: Reached on error, E5 (Groundball, 56)
Batting: RHB Jason Black 0-0: Called Strike
0-1: Ball
1-1: Ball
2-1: Called Strike
2-2: Strikes out swinging
Batting: RHB Joseph Brown 0-0: Called Strike
0-1: Ball
1-1: Swinging Strike
1-2: Strikes out swinging
Bottom of the 3rd over - 0 runs, 0 hits, 1 error, 1 left on base; Michigan State 2 - Minnesota 0
TOP OF THE 4TH
Michigan State Spartans batting - Pitching for Minnesota Golden Gophers : RHP Michael Campos
Batting: LHB Culley Knapp 0-0: Ball
1-0: Foul Ball, location: 2F
1-1: SINGLE (Groundball, 34D)
Batting: SHB John Cunningham 0-0: Ball
1-0: Swinging Strike
1-1: Ball
2-1: Ball
3-1: Called Strike
3-2: Base on Balls
Culley Knapp to second
Batting: LHB Adrian Bonner 0-0: Ball
1-0: Ball
2-0: Called Strike
2-1: Fly out, F9 (Line Drive, 9)
Batting: RHB Robbie Lawrence 0-0: Ball
Wild Pitch!
Culley Knapp to third
John Cunningham to second
1-0: Called Strike
1-1: Ball
2-1: Ball
3-1: Base on Balls
Batting: RHB Ben Griffin 0-0: Ball
1-0: Swinging Strike
1-1: Ball
2-1: Foul Ball, location: 2F
2-2: Foul Ball, location: 2F
2-2: Grounds into double play, 4-2-3 (Groundball, 4)
Top of the 4th over - 0 runs, 1 hit, 0 errors, 2 left on base; Michigan State 2 - Minnesota 0
BOTTOM OF THE 4TH
Minnesota Golden Gophers batting - Pitching for Michigan State Spartans : LHP Mark Hayden
Batting: LHB Bob Jensen 0-0: Called Strike
0-1: Ball
1-1: Ball
2-1: Ball
3-1: Foul Ball, location: 2F
3-2: Ground out 4-3 (Groundball, 4)
Batting: RHB Steve Mitchell 0-0: Called Strike
0-1: Called Strike
0-2: Ball
1-2: Foul Ball, location: 2F
1-2: Ball
2-2: Ball
3-2: Base on Balls
Batting: RHB Felipe Berrios 0-0: Ball
1-0: Called Strike
1-1: Foul Ball, location: 2F
1-2: Strikes out swinging
Batting: RHB Nolan Peterson 0-0: Foul Ball, location: 2F
0-1: Ball
1-1: Called Strike
1-2: Foul Ball, location: 2F
1-2: Ball
2-2: Fly out, F8 (Flyball, 8LM)
Bottom of the 4th over - 0 runs, 0 hits, 0 errors, 1 left on base; Michigan State 2 - Minnesota 0
TOP OF THE 5TH
Michigan State Spartans batting - Pitching for Minnesota Golden Gophers : RHP Michael Campos
Pitching: RHP Greg Robison
Batting: LHB Carlos Anaya 0-0: Ball
1-0: Ball
2-0: Ball
3-0: Called Strike
3-1: Called Strike
3-2: Foul Ball, location: 2F
3-2: Strikes out swinging
Batting: RHB Walt Owens 0-0: Swinging Strike
0-1: Ground out U3 (Groundball, 34)
Batting: LHB Larry Estes 0-0: Ball
1-0: Swinging Strike
1-1: Called Strike
1-2: Strikes out swinging
Top of the 5th over - 0 runs, 0 hits, 0 errors, 0 left on base; Michigan State 2 - Minnesota 0
BOTTOM OF THE 5TH
Minnesota Golden Gophers batting - Pitching for Michigan State Spartans : LHP Mark Hayden
Batting: RHB Lou Bender 0-0: SOLO HOME RUN (Flyball, 78XD), Distance : 373 ft
Batting: RHB Steve Richardson 0-0: Called Strike
0-1: Ball
1-1: Foul Ball, location: 2F
1-2: Strikes out looking
Pitching: RHP Ed Fuller
Batting: RHB Samuel Warner 0-0: Ball
1-0: Ball
2-0: Ball
3-0: Base on Balls
Batting: RHB Jason Black 0-0: Ball
1-0: Called Strike
1-1: Fielders Choice at 2nd, 5-4 (Groundball, 56)
Batting: RHB Joseph Brown 0-0: Foul Ball, location: 2F
0-1: Foul Ball, location: 2F
0-2: Strikes out swinging
Bottom of the 5th over - 1 run, 1 hit, 0 errors, 1 left on base; Michigan State 2 - Minnesota 1
TOP OF THE 6TH
Michigan State Spartans batting - Pitching for Minnesota Golden Gophers : RHP Greg Robison
Batting: RHB Jesús Lima 0-0: Ball
1-0: Foul Ball, location: 2F
1-1: Foul Ball, location: 2F
1-2: Ground out 5-3 (Groundball, 5S)
Batting: LHB Culley Knapp 0-0: Foul Ball, location: 2F
0-1: Ball
1-1: Foul Ball, location: 2F
1-2: Fly out, F9 (Flyball, 9S)
Batting: SHB John Cunningham 0-0: Called Strike
0-1: Foul Ball, location: 2F
0-2: Foul Ball, location: 2F
0-2: Ball
1-2: Fly out, F8 (Flyball, 8RM)
Top of the 6th over - 0 runs, 0 hits, 0 errors, 0 left on base; Michigan State 2 - Minnesota 1
BOTTOM OF THE 6TH
Minnesota Golden Gophers batting - Pitching for Michigan State Spartans : RHP Ed Fuller
Batting: LHB Bob Jensen 0-0: Ball
1-0: Foul Ball, location: 2F
1-1: Foul Ball, location: 2F
1-2: Foul Ball, location: 2F
1-2: Foul Ball, location: 2F
1-2: Fly out, F9 (Flyball, 9)
Batting: RHB Steve Mitchell 0-0: Called Strike
0-1: Hit by Pitch
Batting: RHB Felipe Berrios 0-0: Ball
1-0: DOUBLE (Flyball, 9LD)
Steve Mitchell to third
Batting: RHB Nolan Peterson 0-0: Swinging Strike
0-1: Fly out, F3 (Popup, 3F)
Batting: RHB Lou Bender 0-0: Swinging Strike
0-1: Ball
1-1: Ball
2-1: Called Strike
2-2: Foul Ball, location: 2F
2-2: Foul Ball, location: 2F
2-2: Strikes out looking
Bottom of the 6th over - 0 runs, 1 hit, 0 errors, 2 left on base; Michigan State 2 - Minnesota 1
TOP OF THE 7TH
Michigan State Spartans batting - Pitching for Minnesota Golden Gophers : RHP Greg Robison
Batting: LHB Adrian Bonner 0-0: Called Strike
0-1: Called Strike
0-2: Ball
1-2: Strikes out swinging
Pitching: RHP Mariano Cruz
Batting: RHB Robbie Lawrence 0-0: Ball
1-0: Ball
2-0: Ball
3-0: Base on Balls
Batting: RHB Ben Griffin 0-0: Ball
1-0: Ball
2-0: Called Strike
2-1: Foul Ball, location: 2F
2-2: Ball
3-2: SINGLE (Line Drive, 34D)
Robbie Lawrence to second
Robbie Lawrence to third
Pitching: RHP Kris Saunders
Batting: LHB Carlos Anaya 0-0: Ball
1-0: Called Strike
1-1: Called Strike
1-2: DOUBLE (Groundball, 3L)
Robbie Lawrence scores
Ben Griffin to third
Runner from 3rd tries for Home, SAFE, no throw
Batting: RHB Walt Owens 0-0: Called Strike
0-1: Ground out 6-3 (Groundball, 6)
Batting: LHB Larry Estes 0-0: Intentional Walk
Batting: RHB Jesús Lima 0-0: Swinging Strike
0-1: Ball
1-1: 3-RUN HOME RUN (Flyball, 78XD), Distance : 379 ft
Pitching: RHP Dane Vaughan
Batting: LHB Culley Knapp 0-0: Called Strike
0-1: Swinging Strike
0-2: Ball
1-2: SINGLE (Groundball, 6) (infield hit)
Batting: SHB John Cunningham 0-0: Foul Ball, location: 2F
0-1: Fielders Choice at 2nd, 6-4 (Groundball, 6)
Top of the 7th over - 5 runs, 4 hits, 0 errors, 1 left on base; Michigan State 7 - Minnesota 1
BOTTOM OF THE 7TH
Minnesota Golden Gophers batting - Pitching for Michigan State Spartans : RHP Ed Fuller
Batting: RHB Steve Richardson 0-0: Foul Ball, location: 2F
0-1: Foul Ball, location: 2F
0-2: Ball
1-2: Strikes out looking
Batting: RHB Samuel Warner 0-0: Foul Ball, location: 2F
0-1: Foul Ball, location: 2F
0-2: Ball
1-2: SINGLE (Groundball, 4S) (infield hit)
Batting: RHB Jason Black 0-0: Ball
1-0: Ball
Wild Pitch!
Samuel Warner to second
2-0: Foul Ball, location: 2F
2-1: Ball
3-1: Called Strike
3-2: DOUBLE (Line Drive, 78M)
Samuel Warner scores
Batting: RHB Joseph Brown 0-0: Called Strike
0-1: Foul Ball, location: 2F
0-2: Ball
1-2: Ball
2-2: Ball
3-2: Fly out, F8 (Flyball, 8RD)
Batting: LHB Bob Jensen 0-0: Swinging Strike
0-1: Ball
1-1: Ball
2-1: Swinging Strike
2-2: Ball
3-2: Strikes out looking
Bottom of the 7th over - 1 run, 2 hits, 0 errors, 1 left on base; Michigan State 7 - Minnesota 2
TOP OF THE 8TH
Michigan State Spartans batting - Pitching for Minnesota Golden Gophers : RHP Dane Vaughan
Batting: LHB Adrian Bonner 0-0: Fly out, F7 (Flyball, 7)
Batting: RHB Robbie Lawrence 0-0: Called Strike
0-1: Ball
1-1: Swinging Strike
1-2: Foul Ball, location: 2F
1-2: Strikes out looking
Batting: RHB Ben Griffin 0-0: Ball
1-0: Fly out, F8 (Flyball, 8LM)
Top of the 8th over - 0 runs, 0 hits, 0 errors, 0 left on base; Michigan State 7 - Minnesota 2
BOTTOM OF THE 8TH
Minnesota Golden Gophers batting - Pitching for Michigan State Spartans : RHP Ed Fuller
Batting: RHB Steve Mitchell 0-0: Foul Ball, location: 2F
0-1: Ball
1-1: Foul Ball, location: 2F
1-2: Strikes out swinging
Batting: RHB Felipe Berrios 0-0: Reached on error, E3 (Groundball, 34)
Batting: RHB Nolan Peterson 0-0: Foul Ball, location: 2F
0-1: Swinging Strike
0-2: DOUBLE (Line Drive, 7LM)
Felipe Berrios to third
Runner from 3rd tries for Home, SAFE, no throw
Pitching: LHP William Tatum
Batting: RHB Lou Bender 0-0: Fly out, F5 (Popup, 56)
Batting: RHB Steve Richardson 0-0: Ball
1-0: Ball
2-0: Called Strike
2-1: Called Strike
2-2: Ground out 6-3 (Groundball, 6)
Bottom of the 8th over - 1 run, 1 hit, 1 error, 1 left on base; Michigan State 7 - Minnesota 3
TOP OF THE 9TH
Michigan State Spartans batting - Pitching for Minnesota Golden Gophers : RHP Dane Vaughan
Batting: LHB Carlos Anaya 0-0: Foul Ball, location: 2F
0-1: Swinging Strike
0-2: Foul Ball, location: 2F
0-2: Ball
1-2: Ball
2-2: Foul Ball, location: 2F
2-2: Ball
3-2: SINGLE (Line Drive, 6D)
Batting: RHB Walt Owens 0-0: Ball
1-0: Ball
2-0: Foul Ball, location: 2F
2-1: Ball
3-1: Swinging Strike
3-2: SINGLE (Line Drive, 8RS)
Carlos Anaya to second
Batting: LHB Larry Estes 0-0: Ball
1-0: Ball
2-0: Ball
3-0: Called Strike
3-1: Foul Ball, location: 2F
3-2: Base on Balls
Carlos Anaya to third
Walt Owens to second
Batting: RHB Jesús Lima 0-0: Ball
1-0: Ball
2-0: Foul Ball, location: 2F
2-1: Ball
3-1: SINGLE (Groundball, 6MD)
Carlos Anaya scores
Walt Owens to third
Larry Estes to second
Batting: LHB Culley Knapp 0-0: Ball
1-0: Swinging Strike
1-1: Foul Ball, location: 2F
1-2: SINGLE (Groundball, 13S) (infield hit)
Walt Owens scores
Larry Estes to third
Jesús Lima to second
Batting: SHB John Cunningham 0-0: Ball
1-0: Foul Ball, location: 2F
1-1: SINGLE (Flyball, 8RS)
Larry Estes scores
Jesús Lima to third
Culley Knapp to second
Batting: LHB Adrian Bonner 0-0: Ball
1-0: SINGLE (Groundball, 4MD)
Jesús Lima scores
Culley Knapp to third
John Cunningham to second
Runner from 3rd tries for Home, SAFE, no throw
Batting: RHB Robbie Lawrence 0-0: Ball
1-0: Foul Ball, location: 2F
1-1: Called Strike
1-2: Ball
2-2: Ball
3-2: SINGLE (Groundball, 56S) (infield hit)
John Cunningham to third
Adrian Bonner to second
Batting: RHB Ben Griffin 0-0: Fly out, F4 (Line Drive, 4)
Batting: LHB Carlos Anaya 0-0: Ball
1-0: Ball
2-0: DOUBLE (Line Drive, 9LM)
John Cunningham scores
Adrian Bonner scores
Robbie Lawrence to third
Pitching: RHP Rafael Luna
Batting: RHB Walt Owens 0-0: Called Strike
0-1: Ball
1-1: Ground out 6-3 (Groundball, 6)
Robbie Lawrence scores
Batting: LHB Larry Estes 0-0: Called Strike
0-1: Ball
1-1: Foul Ball, location: 2F
1-2: Ball
2-2: Ball
3-2: SINGLE (Line Drive, 7S)
Carlos Anaya to third
Carlos Anaya scores
Batting: RHB Jesús Lima 0-0: Ball
1-0: Foul Ball, location: 2F
1-1: Foul Ball, location: 2F
1-2: Foul Ball, location: 2F
1-2: Ball
2-2: Fly out, F8 (Flyball, 8LD)
Top of the 9th over - 9 runs, 9 hits, 0 errors, 1 left on base; Michigan State 16 - Minnesota 3
BOTTOM OF THE 9TH
Minnesota Golden Gophers batting - Pitching for Michigan State Spartans : LHP William Tatum
Now at C: Luis Solano
Batting: RHB Samuel Warner 0-0: Ball
1-0: Fly out, F8 (Line Drive, 89D)
Batting: RHB Jason Black 0-0: Called Strike
0-1: Called Strike
0-2: Ball
1-2: Ball
2-2: Ball
3-2: Base on Balls
Batting: RHB Joseph Brown 0-0: Called Strike
0-1: Fly out, F9 (Flyball, 9S)
Batting: LHB Bob Jensen 0-0: Ball
1-0: Ball
2-0: Ball
3-0: Called Strike
3-1: Base on Balls
Jason Black to second
Batting: RHB Steve Mitchell 0-0: Ball
1-0: Foul Ball, location: 2F
1-1: Foul Ball, location: 2F
1-2: Ground out 5-3 (Groundball, 56S)
Bottom of the 9th over - 0 runs, 0 hits, 0 errors, 2 left on base; Michigan State 16 - Minnesota 3
Saturday, April 7th, 2018 - OOTP Baseball 18.8 Build 76